 Dungeon Crawl Stone Soup version 0.23-a0-356-g1757c6e (webtiles) character file.

186 Hilur the Magician (level 5, 0/36 HPs)
             Began as a Gnoll Wanderer on Oct 21, 2018.
             Was a Follower of Hepliaklqana.
             Slain by a gnoll
             ... wielding a +0 spear
              (2 damage)
             ... on level 3 of the Dungeon.
             The game lasted 00:06:35 (2691 turns).

Hilur the Magician (Gnoll Wanderer)                 Turns: 2691, Time: 00:06:36

Health: 0/36       AC:  7    Str: 14    XL:     5   Next: 65%
Magic:  12/12      EV: 11    Int: 13    God:    Hepliaklqana [*.....]
Gold:   111        SH:  0    Dex: 17    Spells: 14/14 levels left

rFire    . . .     SeeInvis .   w - +2 quarterstaff
rCold    . . .     Gourm    .   (shield currently unavailable)
rNeg     . . .     Faith    .   k - +0 ring mail
rPois    .         Spirit   .   (no helmet)
rElec    .         Reflect  .   x - +0 cloak
rCorr    .         Harm     .   b - +0 pair of gloves
MR       .....                  (no boots)
Stlth    ..........             (no amulet)
HPRegen  0.12/turn              (no ring)
MPRegen  0.13/turn              (no ring)

@: confused
A: distributed training, reduced essence, fangs 1, strong nose
a: Recall Ancestor, Ancestor Identity, Renounce Religion


You were on level 3 of the Dungeon.
You worshipped Hepliaklqana.
Hepliaklqana was aware of your devotion.
You were not hungry.

You visited 1 branch of the dungeon, and saw 3 of its levels.

You collected 111 gold pieces.

Inventory:

Hand Weapons
 e - a +0 whip
 q - a +0 hunting sling {q}
 w - a +2 quarterstaff (weapon)
 B - a cursed +0 blowgun
Missiles
 a - 95 stones (quivered)
 j - 18 bolts
 m - 40 arrows
 u - 2 sling bullets
Armour
 b - a +0 pair of gloves (worn)
 d - a +0 robe
 k - a +0 ring mail (worn)
 x - a +0 cloak (worn)
Jewellery
 o - an uncursed ring of protection from cold {unknown}
 s - an uncursed amulet of magic regeneration {unknown}
 v - an uncursed ring of see invisible {unknown}
Scrolls
 c - 2 scrolls of teleportation
 g - a scroll of random uselessness {unknown}
 i - a scroll of remove curse {unknown}
 p - 5 scrolls of identify {unknown}
 t - a scroll of magic mapping {unknown}
 y - a scroll of amnesia {unknown}
Potions
 h - 2 potions of lignification {unknown}
 l - 2 potions of haste {unknown}
 n - 2 potions of heal wounds
 r - a potion of magic {unknown}
 A - a potion of berserk rage {unknown}
Comestibles
 f - 3 rations
 z - 2 chunks of flesh


   Skills:
 + Level 3.0 Fighting
 + Level 1.5 Short Blades
 + Level 1.5 Long Blades
 + Level 1.5 Axes
 + Level 1.5 Maces & Flails
 + Level 1.5 Polearms
 + Level 4.8 Staves
 + Level 1.5 Slings
 + Level 1.5 Bows
 + Level 1.5 Crossbows
 + Level 1.5 Throwing
 + Level 1.5 Armour
 + Level 1.5 Dodging
 + Level 2.8 Stealth
 + Level 1.5 Shields
 + Level 1.5 Unarmed Combat
 + Level 5.2 Spellcasting
 + Level 1.2 Conjurations
 + Level 1.2 Hexes
 + Level 1.2 Charms
 + Level 1.2 Summonings
 + Level 4.0 Necromancy
 + Level 1.2 Translocations
 + Level 1.2 Transmutations
 + Level 1.2 Fire Magic
 + Level 1.2 Ice Magic
 + Level 2.4 Air Magic
 + Level 1.2 Earth Magic
 + Level 1.2 Poison Magic
 + Level 1.7 Invocations
 + Level 3.0 Evocations


You had 14 spell levels left.
You didn't know any spells.
Your spell library contained the following spells:

 Spells                   Type           Power        Failure   Level  Hunger
 Passwall                 Tmut/Erth      #.......     34%         2    ##.....
 Sticks to Snakes         Tmut           #.......     34%         2    ##.....


Dungeon Overview and Level Annotations

Branches:
Dungeon (3/15)

Altars:
Hepliaklqana
Vehumet
The Shining One


Innate Abilities, Weirdness & Mutations

Your experience applies equally to all skills.
You have very sharp teeth.
Your uncanny sense of smell can sniff out nearby items.
Your life essence is reduced to manifest your ancestor. (-10% HP)


Message History

You swap places.
Something hits Henutemipet.
The gnoll barely misses Henutemipet.
Henutemipet hits the gnoll but does no damage.
The gnoll barely misses Henutemipet.
The orc wizard gestures at you while chanting.
The magic dart hits you!
* * * LOW HITPOINT WARNING * * *
Henutemipet hits the gnoll.
The gnoll dies!
The orc wizard points at you and mumbles some strange words.
You are confused.
Henutemipet misses the gnoll.
The orc wizard hits you with a +0 dagger.
* * * LOW HITPOINT WARNING * * *
Henutemipet hits the gnoll but does no damage.
The orc wizard casts a spell at you. The magic dart hits you!
* * * LOW HITPOINT WARNING * * *
The gnoll hits you from afar with a +0 spear.
You die...

#..........# ###..######....
###.###..##### #..............
##..........###..............
##.........#..............#R..
#..........#.......#####...##.
#..........###...### #....#.#
#..........#....## #...<.##
#.......#..#....# #.....#
#.......#....@### #.....#
##......#[......# ##....#
#......###o#g..# #....#
##.######..g.#### ......
#...#####R...# #...##...#.###
#...##..†....# #...(###.....#
#...## ...#..#


You could see the friendly Henutemipet the ancestor, an orc wizard and 2 gnolls.

Vanquished Creatures
  5 gnolls
  5 adders
  5 worms
  3 dart slugs
  A leopard gecko (D:3)
  7 bats
  5 giant cockroaches
  8 goblins
  7 hobgoblins
  A ball python (D:1)
  2 frilled lizards
  5 kobolds
  6 rats
60 creatures vanquished.

Vanquished Creatures (collateral kills)
  A gnoll (D:3)
  A worm (D:3)
  A goblin (D:3)
3 creatures vanquished.

Grand Total: 63 creatures vanquished

Notes
Turn   | Place    | Note
-------+----------+-------------------------------------------
     0 | D:1      | Hilur the Gnoll Wanderer began the quest for the Orb.
     0 | D:1      | Hilur set off with: a +2 quarterstaff, a scroll of
                  | teleportation, a +0 robe, a ration
     0 | D:1      | Reached XP level 1. HP: 17/17 MP: 6/6
   104 | D:1      | Reached XP level 2. HP: 23/23 MP: 7/7
   922 | D:1      | Reached XP level 3. HP: 17/28 MP: 9/9
   953 | D:1      | Reached skill level 5 in Spellcasting
  1236 | D:2      | Reached skill level 1 in Invocations
  1324 | D:2      | Reached skill level 1 in Short Blades
  1324 | D:2      | Reached skill level 1 in Long Blades
  1324 | D:2      | Reached skill level 1 in Axes
  1324 | D:2      | Reached skill level 1 in Maces & Flails
  1324 | D:2      | Reached skill level 1 in Polearms
  1324 | D:2      | Reached skill level 1 in Slings
  1324 | D:2      | Reached skill level 1 in Bows
  1324 | D:2      | Reached skill level 1 in Crossbows
  1324 | D:2      | Reached skill level 1 in Throwing
  1324 | D:2      | Reached skill level 1 in Armour
  1324 | D:2      | Reached skill level 1 in Dodging
  1324 | D:2      | Reached skill level 1 in Shields
  1324 | D:2      | Reached skill level 1 in Unarmed Combat
  1324 | D:2      | Reached XP level 4. HP: 32/34 MP: 11/11
  1497 | D:2      | Reached skill level 1 in Conjurations
  1497 | D:2      | Reached skill level 1 in Hexes
  1497 | D:2      | Reached skill level 1 in Charms
  1497 | D:2      | Reached skill level 1 in Summonings
  1497 | D:2      | Reached skill level 1 in Translocations
  1497 | D:2      | Reached skill level 1 in Transmutations
  1497 | D:2      | Reached skill level 1 in Fire Magic
  1497 | D:2      | Reached skill level 1 in Ice Magic
  1497 | D:2      | Reached skill level 1 in Earth Magic
  1497 | D:2      | Reached skill level 1 in Poison Magic
  1506 | D:2      | Reached XP level 5. HP: 12/40 MP: 12/12
  1969 | D:2      | Found a glowing golden altar of the Shining One.
  2188 | D:2      | Found a faded altar of an unknown god.
  2198 | D:2      | Became a worshipper of Hepliaklqana the Forgotten
  2198 | D:2      | Reached * piety under Hepliaklqana
  2464 | D:3      | Found a radiant altar of Vehumet.
  2691 | D:3      | Slain by a gnoll

Vault maps used:
D:1:      ebering_trefoil_3fold
D:2:      chequers_ecumenical_altar_grove, tso_metal_star
D:3:      fiery_altar_vehumet, hangedman_decor_push, grunt_decor_resistance,
          uniq_terence

Skill      XL: |  1  2  3  4  5 |
---------------+----------------+-----
Air Magic      | 2 |  2.4
Spellcasting   | 5 |  5.2
Invocations    | 1 |  1.7
Short Blades   | 1 |  1.5
Long Blades    | 1 |  1.5
Axes           | 1 |  1.5
Maces & Flails | 1 |  1.5
Polearms       | 1 |  1.5
Slings         | 1 |  1.5
Bows           | 1 |  1.5
Crossbows      | 1 |  1.5
Throwing       | 1 |  1.5
Armour         | 1 |  1.5
Dodging        | 1 |  1.5
Shields        | 1 |  1.5
Unarmed Combat | 1 |  1.5
Conjurations   | 1 |  1.2
Hexes          | 1 |  1.2
Charms         | 1 |  1.2
Summonings     | 1 |  1.2
Translocations | 1 |  1.2
Transmutations | 1 |  1.2
Fire Magic     | 1 |  1.2
Ice Magic      | 1 |  1.2
Earth Magic    | 1 |  1.2
Poison Magic   | 1 |  1.2
Fighting       | 3 |  3.0
Evocations     | 3 |  3.0
Necromancy     | 4 |  4.0
Staves         | |  4.8
Stealth        | |  2.8

Action                   |  1- 3 |  4- 6 || total
-------------------------+-------+-------++-------
Melee: Quarterstaff      |    62 |    31 ||    93
       Bite              |     5 |     3 ||     8
 Fire: Hunting sling     |    43 |    71 ||   114
 Stab: Sleeping          |     1 |     1 ||     2
  Eat: Chunk             |     1 |     4 ||     5
Armor: Robe              |     2 |       ||     2
       Ring mail         |    18 |    14 ||    32
Dodge: Dodged            |    31 |    24 ||    55

Table legend:
 A = Non-vault XP
 B = Vault XP
 C = Vault XP percentage of total XP
 D = Non-vault monster count
 E = Vault monster count
 F = Vault count percentage of total count
                 A         B        C        D         E       F
            +---------+---------+-------+---------+---------+-------
      Total |     266 |       0 |   0.0 |      63 |       0 |   0.0
            +---------+---------+-------+---------+---------+-------
        D:1 |      45 |       0 |   0.0 |      25 |       0 |   0.0
        D:2 |     158 |       0 |   0.0 |      28 |       0 |   0.0
        D:3 |      63 |       0 |   0.0 |      10 |       0 |   0.0
            +---------+---------+-------+---------+---------+-------
